 Dungeon Crawl Stone Soup version 0.28.0-49-g6dfe1f597d (webtiles) character file.

Game seed: 17978993511149462348

445 Revguard the Sneak (level 6, -3/47 HPs)
             Began as a Demonspawn Brigand on May 12, 2022.
             Slain by a phantom (5 damage)
             ... on level 4 of the Dungeon.
             The game lasted 00:11:41 (3136 turns).

Revguard the Sneak (Demonspawn Brigand)             Turns: 3136, Time: 00:11:41

Health: -3/47      AC:  7    Str: 11    XL:     6   Next: 72%
Magic:  6/6        EV: 12    Int: 14    God:
Gold:   37         SH:  0    Dex: 19    Spells: 5/5 levels left

rFire   . . .      SeeInvis .   a - +2 dagger
rCold   . . .      Faith    .   (no shield)
rNeg    . . .      Spirit   .   o - +0 leather armour
rPois   .          Reflect  .   (no helmet)
rElec   .          Harm     .   c - +1 cloak
rCorr   +          Rampage  .   (no gloves)
Will    .....                   (no boots)
Stlth   +++.......              (no amulet)
HPRegen 0.15/turn               n - ring of resist corrosion
MPRegen 0.10/turn               (no ring)

@: brilliant
A: foul stench 1, sharp scales 2, weakness stinger 1, agile 1, clever 1
a: no special abilities


You were on level 4 of the Dungeon.
You visited 1 branch of the dungeon, and saw 4 of its levels.

You collected 141 gold pieces.
You spent 104 gold pieces at shops.

Inventory:

Hand Weapons
 a - a +2 dagger (weapon)
Missiles
 d - 8 poisoned darts
 g - 6 curare-tipped darts (quivered)
Armour
 b - a +0 robe
 c - a +1 cloak (worn)
 o - a +0 leather armour (worn)
Jewellery
 n - a ring of resist corrosion (left hand)
Scrolls
 f - a scroll of immolation
 i - a scroll of noise
 m - 3 scrolls of fear
 q - a scroll of amnesia
Potions
 e - a potion of lignification
 j - a potion of cancellation
 k - a potion of heal wounds
 p - 2 potions of brilliance


   Skills:
 + Level 3.1 Fighting
 + Level 2.8 Short Blades
 - Level 1.7 Throwing
 * Level 3.2 Armour
 + Level 2.5 Dodging
 * Level 5.1 Stealth
 + Level 0.0 Spellcasting
 + Level 0.0 Hexes


You had 5 spell levels left.
You didn't know any spells.
Your spell library contained the following spells:

 Spells                   Type           Power      Damage    Failure   Level
 Frozen Ramparts          Ice            0%         1d2       73%         3
 Ice Form                 Ice/Tmut       0%         N/A       98%         4
 Summon Ice Beast         Ice/Summ       0%         N/A       98%         4


Dungeon Overview and Level Annotations

Branches:
Dungeon (4/15)
 Temple: D:4-7

Altars:

Shops:
D:3 *


Innate Abilities, Weirdness & Mutations

You may rarely emit foul miasma when damaged in melee.
You are mostly covered in razor-sharp scales. (AC +2, Slay +2)
You have a small tail.
You are agile. (Dex +2)
Your mind is acute. (Int +2)


Message History

You closely miss the phantom.
The phantom is moderately damaged.
The phantom hits you but does no damage.
You barely miss the phantom.
The phantom is moderately damaged.
The phantom hits you.
You emit a cloud of foul miasma!
The phantom blinks!
You blink.
Found a stone staircase leading up.
You hit the phantom.
The phantom is moderately damaged.
The phantom hits you.
The phantom blinks!
You blink.
You puncture the phantom!
Your tail-slap misses the phantom.
The phantom is heavily damaged.
The phantom hits you but does no damage.
You barely miss the phantom.
Your tail-slap misses the phantom.
The phantom is heavily damaged.
The phantom misses you.
You puncture the phantom!
You tail-slap the phantom, but do no damage.
The phantom is almost destroyed.
The phantom hits you!
You hit the phantom.
The phantom is almost destroyed.
You completely miss the phantom.
You tail-slap the phantom, but do no damage.
The phantom is almost destroyed.
The phantom hits you.
You closely miss the phantom.
You tail-slap the phantom, but do no damage.
Your punch misses the phantom.
The phantom is almost destroyed.
The phantom hits you!
The phantom blinks!
You blink.
You closely miss the phantom.
The phantom is almost destroyed.
The phantom hits you.
* * * LOW HITPOINT WARNING * * *
The phantom blinks!
You blink.
The phantom hits you!
* * * LOW HITPOINT WARNING * * *
The phantom hits you.
You die...

#........
#.......#
#.......#
#.....#.###
####......## .
#.##.##.# #.
#..#.# .. #....#
.#
####.@.##..##..
#.....W<.......
....###......(...
.## #..........
#..........
#..........
...........
#...........
#...........


You could see a phantom.

Vanquished Creatures
  Sigmund (D:2)
  An orc priest (D:3)
  Crazy Yiuf (D:3)
  An orc wizard (D:3)
  Natasha (thrice) (D:3)
  2 adders
  2 adder zombies (D:2)
  An adder skeleton (D:2)
  2 worms (D:3)
  A dart slug (D:3)
  7 orcs (D:3)
  A bat skeleton (D:2)
  A bat zombie (D:2)
  13 endoplasms
  6 giant cockroaches
  6 goblins
  4 hobgoblins
  9 jackals
  3 quokkas (D:1)
  A ball python (D:3)
  A ball python skeleton (D:2)
  A ball python zombie (D:2)
  3 bats (D:1)
  5 frilled lizards
  A giant cockroach zombie (D:2)
  4 kobolds
  8 rats
89 creatures vanquished.

Vanquished Creatures (others)
  4 withered plants (D:2)
4 creatures vanquished.

Grand Total: 93 creatures vanquished

Notes
Turn   | Place    | Note
-------+----------+-------------------------------------------
     0 | D:1      | Revguard the Demonspawn Brigand began the quest for the
                  | Orb.
     0 | D:1      | Reached XP level 1. HP: 16/16 MP: 1/1
    43 | D:1      | Reached skill level 1 in Dodging
   427 | D:1      | Gained mutation: You may rarely emit foul miasma when
                  | damaged in melee. [demonic ancestry]
   427 | D:1      | Reached XP level 2. HP: 22/22 MP: 2/2
   570 | D:1      | Reached skill level 1 in Armour
   901 | D:1      | Found a faded altar of an unknown god.
   911 | D:1      | Gained mutation: You have a small tail. [demonic ancestry]
   911 | D:1      | Reached XP level 3. HP: 25/27 MP: 3/3
  1227 | D:2      | Noticed Sigmund
  1251 | D:2      | Killed Sigmund
  1252 | D:2      | Reached skill level 4 in Stealth
  1252 | D:2      | Gained mutation: You are partially covered in razor-sharp
                  | scales. (AC +1, Slay +1) [demonic ancestry]
  1252 | D:2      | Reached XP level 4. HP: 26/34 MP: 4/4
  1252 | D:2      | Gained mutation: You are mostly covered in razor-sharp
                  | scales. (AC +2, Slay +2) [demonic ancestry]
  1252 | D:2      | Reached XP level 5. HP: 30/39 MP: 5/5
  2243 | D:3      | Noticed Natasha
  2247 | D:3      | Killed Natasha
  2252 | D:3      | Reached XP level 6. HP: 46/46 MP: 6/6
  2295 | D:3      | Noticed Natasha
  2306 | D:3      | Killed Natasha
  2333 | D:3      | Reached skill level 5 in Stealth
  2642 | D:3      | Found Naunekhla's General Store.
  2642 | D:3      | Noticed Natasha
  2651 | D:3      | Killed Natasha
  2668 | D:3      | Bought a potion of mutation for 104 gold pieces
  2668 | D:3      | Gained mutation: You are agile. (Dex +2) [potion of
                  | mutation]
  2668 | D:3      | Lost mutation: You are agile. (Dex +2) [potion of mutation]
  2669 | D:3      | Gained mutation: You sometimes lose the ability to read
                  | scrolls when taking damage. [potion of mutation]
  2669 | D:3      | Gained mutation: You are agile. (Dex +2) [potion of
                  | mutation]
  2669 | D:3      | Lost mutation: You sometimes lose the ability to read
                  | scrolls when taking damage. [potion of mutation]
  2669 | D:3      | Gained mutation: Your mind is acute. (Int +2) [potion of
                  | mutation]
  2938 | D:3      | Found a runed translucent door.
  2939 | D:3      | Noticed Crazy Yiuf
  2947 | D:3      | Killed Crazy Yiuf
  3135 | D:4      | HP: 2/47 [phantom (8)]
  3136 | D:4      | Slain by a phantom

Illustrated notes

Levels and vault maps discovered:
D:1:      wander_arrival_estate, layout_basic,
          shapermc_ecumenical_altar_pompeii, minmay_vboxes
D:2:      layout_loops_corners, serial_undead, serial_undead_c, serial_undead_d,
          serial_undead_a, serial_undead_f, serial_undead_b, uniq_sigmund
D:3:      layout_rooms, serial_shops, nicolae_square_shop, uniq_natasha,
          uniq_crazy_yiuf_cottage
D:4:      layout_rooms, nzn_overflow_gifts_of_might_and_magic,
          kennysheep_little_box, serial_shops, shop, shop,
          nicolae_shop_waterfront, hangedman_abyss_or_decor_slice,
          minmay_gold_behind_fungi, nicolae_elemental_shop

Skill      XL: |  1  2  3  4  5  6 |
---------------+-------------------+-----
Dodging        | 1 2 |  2.5
Armour         | 1 2 3 |  3.2
Short Blades   | 2 |  2.8
Stealth        | 4 5 |  5.1
Fighting       | 3 |  3.1
Throwing       | |  1.7

Action                   |  1- 3 |  4- 6 || total
-------------------------+-------+-------++-------
Melee: Dagger            |    87 |   188 ||   275
       Punch             |     1 |     1 ||     2
       Tailslap          |     6 |    23 ||    29
Throw: Dart              |     4 |     1 ||     5
  Use: Scroll            |     4 |     3 ||     7
       Potion            |     1 |     5 ||     6
 Stab: Sleeping          |     7 |    11 ||    18
       Distracted        |     1 |       ||     1
Armor: Robe              |    17 |    29 ||    46
       Leather armour    |       |    21 ||    21
Dodge: Dodged            |    55 |   110 ||   165
